 Dungeon Crawl Stone Soup version 0.14.1-26-g5a19342 (webtiles) character file.

306 Kae the Insei (level 4, -1/35 HPs)
             Began as a Draconian Transmuter on July 24, 2014.
             Slain by an orc priest (2 damage)
             ... on Level 3 of the Dungeon.
             The game lasted 00:02:24 (2270 turns).

Kae the Insei (Draconian Transmuter)                Turns: 2270, Time: 00:02:26

HP  -1/35        AC  6     Str 12      XL: 4   Next: 86%
MP   6/7         EV 11     Int 14      God:
Gold 178         SH  8     Dex 12      Spells:  1 memorised,  6 levels left

rFire  . . .     SeeInvis .       - Unarmed
rCold  . . .     Clarity  .     (armour unavailable)
rNeg   . . .     Conserve .     e - +2 buckler
rPois  .         rCorr    .     (helmet restricted)
rElec  .         rRot     .     (no cloak)
SustAb . .       Spirit   .     t - +0 pair of gloves
rMut   .         Warding  .     (boots unavailable)
Saprov . . .     Stasis   .     (no amulet)
MR     .....                    (no ring)
                                (no ring)

@: appendage, flying, lethally poisoned, not resistant to hostile enchantments,
unstealthy
A: unfitting armour, talons 3, AC +5
a: End Transformation


You were on level 3 of the Dungeon.
You were hungry.
You had grown temporary talons.
You visited 1 branch of the dungeon, and saw 3 of its levels.

You collected 178 gold pieces.

Inventory:

Missiles
 b - 12 arrows
 m - 3 tomahawks (quivered)
 v - 8 arrows of flame
Armour
 e - a +2 buckler (worn)
 t - a +0 pair of gloves (worn)
Comestibles
 a - 4 bread rations
 f - 3 chokos
 p - 3 meat rations
 s - a rambutan
Scrolls
 c - a scroll of enchant armour {unknown}
 g - 5 scrolls of identify {unknown}
 i - a scroll of magic mapping {unknown}
 k - 2 scrolls of teleportation {unknown}
 n - 5 scrolls of remove curse {unknown}
 o - a scroll of enchant weapon II {unknown}
 u - a scroll of fog {unknown}
Jewellery
 j - an uncursed amulet of resist corrosion {unknown}
 w - an uncursed amulet of warding {unknown}
Potions
 l - a potion of invisibility {unknown}
 r - a potion of flight
Books
 d - a book of Changes

   Spells                             Type                      Level
   *Beastly Appendage                 Transmutation                1
   Sticks to Snakes                   Transmutation                2
   Spider Form                        Transmutation/Poison         3
   Ice Form                           Ice/Transmutation            4
   Blade Hands                        Transmutation                5


   Skills:
 - Level 1.1 Fighting
 - Level 1.7 Dodging
 * Level 4.9 Unarmed Combat
 - Level 2.0 Spellcasting
 + Level 3.3 Transmutations


You had 6 spell levels left.
You knew the following spells:

 Your Spells              Type           Power        Failure   Level  Hunger
a - Beastly Appendage     Trmt           ##....       10%         1    ##.....


Dungeon Overview and Level Annotations

Branches:
Dungeon (3/15)

Altars:

Annotations:
D:3 Grinder


Innate Abilities, Weirdness & Mutations

Your plain brown scales are hard (AC +5).
Your body does not fit into most forms of armour.
Your cold-blooded metabolism reacts poorly to cold.
You have claws for feet.


Message History

The orc wizard casts a spell.
The orc wizard seems to speed up.
The orc priest hits you.
* * * LOW HITPOINT WARNING * * *
Drink which item? (? for menu, Esc to quit)
You feel better.
It was a potion of curing.
The orc wizard points at you and mumbles some strange words.
The puff of flame hits you!
* * * LOW HITPOINT WARNING * * *
The orc priest misses you.
The orc wizard hits you with a dagger of venom.
* * * LOW HITPOINT WARNING * * *
You are lethally poisoned!
Drink which item? (? for menu, Esc to quit)
You feel very buoyant.
You fly up into the air.
It was a potion of flight.
* * * LOW HITPOINT WARNING * * *
You feel sick.
The orc wizard hits you but does no damage.
The orc priest hits you.
You die...

#######g#
#..5.%5.#
#.####### #.# #.#
#5# ######.#
#oo..#.# ##### #@#
#.# ## #...# #.#
#.#
.########...####.#
#.#
.')............(.#
#.#
.########(..####.#
... ## ##### ....
... ..#.....
#..#.....# #..#
....


You could see an orc priest and an orc wizard.

Vanquished Creatures
  A big kobold (D:3)
  A gnoll (D:2)
  3 adders
  A giant gecko (D:1)
  An ooze (D:1)
  2 orcs
  3 bats
  2 giant cockroaches
  3 goblins
  5 hobgoblins
  2 giant newts (D:1)
  4 kobolds
  4 rats
32 creatures vanquished.

Notes
Turn   | Place    | Note
--------------------------------------------------------------
     0 | D:1      | Kae, the Draconian Transmuter, began the quest for the Orb.
     0 | D:1      | Reached XP level 1. HP: 16/16 MP: 3/3
   127 | D:1      | Reached XP level 2. HP: 18/23 MP: 4/4
   842 | D:2      | Reached XP level 3. HP: 15/28 MP: 6/6
  1059 | D:2      | Reached skill level 4 in Unarmed Combat
  1986 | D:3      | Noticed Grinder
  2014 | D:2      | Reached XP level 4. HP: 35/35 MP: 5/7
  2099 | D:3      | Noticed a big kobold
  2135 | D:3      | Killed a big kobold
  2270 | D:3      | HP: 1/35 [poisoned by an orc wizard]
  2270 | D:3      | Slain by an orc priest

Action                   |  1- 3 |  4- 6 || total
-------------------------+-------+-------++-------
Melee: Unarmed           |   113 |    20 ||   133
 Cast: Beastly Appendage |     8 |     2 ||    10
  Use: Potion            |       |     3 ||     3
 Stab: Sleeping          |     1 |       ||     1
